 Dungeon Crawl Stone Soup version 0.26.1-11-gd32895ea62 (webtiles) character file.

Game seed: 14398244572587900894

7 MajorAdolf the Changer (level 2, -1/25 HPs)
             Began as a Naga Wanderer on July 21, 2021.
             Slain by a goblin (2 damage)
             ... on level 1 of the Dungeon.
             The game lasted 00:00:48 (351 turns).

MajorAdolf the Changer (Naga Wanderer)               Turns: 351, Time: 00:00:49

Health: -1/25      AC:  1    Str: 16    XL:     2   Next: 0%
Magic:  0/4        EV:  9    Int: 10    God:
Gold:   17         SH:  0    Dex: 10    Spells: 3/4 levels left

rFire    . . .     SeeInvis +   a - +0 spear
rCold    . . .     Faith    .   (no shield)
rNeg     . . .     Spirit   .   d - +0 robe
rPois    +         Reflect  .   (no helmet)
rElec    .         Harm     .   (no cloak)
rCorr    .         Rampage  .   (no gloves)
Will     .....                  (no barding)
Stlth    ++........             (no amulet)
HPRegen  0.08/turn              (no ring)
MPRegen  0.09/turn              (no ring)

@: short of breath, very slow
A: large, see invisible, deformed body, poison resistance, slowness 2, spit
poison 1, AC +0
a: Spit Poison


You were on level 1 of the Dungeon.
You visited 1 branch of the dungeon, and saw 1 of its levels.

You collected 17 gold pieces.

Inventory:

Hand Weapons
 a - a +0 spear (weapon)
Missiles
 e - 20 stones
Armour
 b - a +1 ring mail of positive energy
 d - a +0 robe (worn)
Scrolls
 f - a scroll of enchant armour {unknown}
 i - a scroll of magic mapping {unknown}
Potions
 c - a potion of lignification
 g - a potion of curing {unknown}
 h - a potion of invisibility {unknown}


   Skills:
 - Level 1.0 Fighting
 - Level 1.0 Throwing
 - Level 1.5 Armour
 - Level 1.5 Stealth
 + Level 1.8 Spellcasting
 - Level 3.0 Transmutations
 - Level 1.0 Air Magic


You had 3 spell levels left.
You knew the following spells:

 Your Spells              Type           Power        Failure   Level
a - Sandblast             Erth           0%           32%         1

Your spell library contained the following spells:

 Spells                   Type           Power        Failure   Level
 Passwall                 Tmut/Erth      2%           26%         2
 Stone Arrow              Conj/Erth      0%           67%         3
 Petrify                  Tmut/Erth      3%           86%         4
 Lee's Rapid Deconstruct  Erth           0%           100%        5


Dungeon Overview and Level Annotations

Branches:
Dungeon (1/15)

Altars:


Innate Abilities, Weirdness & Mutations

You cannot wear boots.
Your serpentine skin is tough. (AC +0)
You have supernaturally acute eyesight. (SInv)
Armour fits poorly on your strangely shaped body.
Your system is resistant to poisons. (rPois)
You cover ground very slowly.
You can spit poison.


Message History

Aiming: Sandblast (safe; 32% risk of failure)
Press: ? - help, Shift-Dir - straight line, f/p - goblin
Aim: a goblin (moderately wounded, 28% to evade)
The blast of sand hits the rat.
You kill the rat!
Unknown command.
Casting: Sandblast (safe; 32% risk of failure)
Confirm with . or Enter, or press ? or * to list all spells.
Aiming: Sandblast (safe; 32% risk of failure)
Press: ? - help, Shift-Dir - straight line, f/p - goblin
Aim: a goblin (moderately wounded, 28% to evade)
The blast of sand hits the goblin!
You kill the goblin!
You have got your breath back.
You have reached level 2!
You completely miss the goblin. The goblin closely misses you.
Press: ? - help, Shift-Dir - straight line, f - goblin
Aim: a goblin The splash of poison misses the goblin.
The goblin hits you.
You die...

#...##.<..#
###..#....#
#..#.....#
#..##......
#..###......#
#..#.########
#..#.# ###
#..#.#...##
#.@#......#
#..g......#
##.#.......
#.##.....#
#.# ......
#.# ....# #.#
..... #.#
...# #. .###


You could see a goblin.

Vanquished Creatures
  A dart slug (D:1)
  A goblin (D:1)
  A hobgoblin (D:1)
  A frilled lizard (D:1)
  A rat (D:1)
5 creatures vanquished.

Notes
Turn   | Place    | Note
-------+----------+-------------------------------------------
     0 | D:1      | MajorAdolf the Naga Wanderer began the quest for the Orb.
     0 | D:1      | MajorAdolf set off with the following items: a +0 spear, a
                  | potion of lignification, a +0 robe; and the following spell
                  | memorised: Sandblast; and the following spells available to
                  | memorise: Passwall, Stone Arrow, Petrify, Lee's Rapid
                  | Deconstruction
     0 | D:1      | Reached XP level 1. HP: 18/18 MP: 2/2
   350 | D:1      | Reached XP level 2. HP: 1/25 MP: 0/4
   351 | D:1      | Slain by a goblin

Illustrated notes

Levels and vault maps discovered:
D:1:      dpeg_arrival_arbitrary_a, layout_loops_ring

Action                   || total
-------------------------++-------
Melee: Spear             ||    16
 Cast: Sandblast         ||     5
 Abil: Spit Poison       ||     3
Armor: Robe              ||     3
Dodge: Dodged            ||     7
